 Dungeon Crawl Stone Soup version 0.31-a0-1074-g0b22e4e0f1 (webtiles) character file.

Game seed: 15257297052704779864

809 bmb222 the Ruffian (level 7, 0/82 HPs)
             Began as a Black Draconian Shapeshifter on Dec 4, 2023.
             Slain by a mummy (11 damage)
             ... in an ossuary.
             The game lasted 00:04:28 (4080 turns).

bmb222 the Ruffian (Black Draconian Shapeshifter)   Turns: 4080, Time: 00:04:28

Health: 0/82       AC: 23    Str: 19    XL:     7   Next: 61%
Magic:  7/7        EV:  2    Int: 10    God:
Gold:   312        SH:  0    Dex: 10    Spells: 6/6 levels left

rFire   . .          .
                       - Unarmed
rCold   . . .        (no shield)
rNeg    . . .        (body armour unavailable)
rPois   +            (helmet currently unavailable)
rElec   .            (cloak currently unavailable)
rCorr   .            (gloves currently unavailable)
SInv    .            (boots currently unavailable)
Will    .....        (no amulet)
Stlth   ++           (no ring)
HPRegen 0.33/turn    (no ring)
MPRegen 0.10/turn

%: no passive effects
@: short of breath, tree-form
A: stationary, stasis, torment immunity, boosted hp, (breathe lightning), AC +6,
unfitting armour, (electricity resistance), (cold-blooded)
a: no special abilities


You were in an ossuary.
You were a tree.
You visited 1 branch of the dungeon, and saw 5 of its levels.
You also visited: Sewer and Ossuary.

You collected 312 gold pieces.

Inventory:

Missiles
 f - 29 poisoned darts
Armour
 z - a +0 pair of gloves
 C - an orb of light
Talismans
 b - a beast talisman
 c - a flux talisman
 q - a maw talisman
Wands
 x - a wand of roots (6)
Scrolls
 g - 2 scrolls of revelation
 h - a scroll of poison
 k - 7 scrolls of identify {unknown}
 m - a scroll of noise {unknown}
 n - 3 scrolls of amnesia {unknown}
 o - a scroll of blinking {unknown}
 p - 2 scrolls of teleportation {unknown}
 r - a scroll of enchant weapon {unknown}
 w - a scroll of torment {unknown}
 y - a scroll of brand weapon {unknown}
 A - a scroll of fear {unknown}
 B - a scroll of enchant armour {unknown}
Potions
 d - a potion of haste {unknown}
 e - a potion of brilliance {unknown}
 i - 4 potions of heal wounds {unknown}
 j - 3 potions of attraction {unknown}
 l - 3 potions of enlightenment {unknown}
 s - a potion of degeneration {unknown}
 t - 2 potions of invisibility {unknown}
 u - 2 potions of curing {unknown}
 v - a potion of might {unknown}


   Skills:
 + Level 2.1 Fighting
 + Level 3.8 Dodging
 + Level 1.5 Stealth
 + Level 6.9 Unarmed Combat
 * Level 4.4 Shapeshifting


You had 6 spell levels left.
You didn't know any spells.
Your spell library contained the following spells:

 Spells                   Type           Power      Damage    Failure   Level
 Apportation              Tloc           0%         N/A       36%         1
 Necrotise                Necr           0%         1d4       36%         1
 Summon Small Mammal      Summ           0%         N/A       36%         1
 Tukima's Dance           Hex            0%         N/A       75%         3
 Dimensional Bullseye     Hex/Tloc       0%         N/A       98%         4
 Iskenderun's Mystic Bla  Conj/Tloc      0%         2d3       98%         4
 Vhi's Electric Charge    Tloc/Air       0%         N/A       98%         4
 Arcjolt                  Conj/Air       0%         1d10      100%        5
 Plasma Beam              Fire/Air       0%         2x1d10    100%        6


Dungeon Overview and Level Annotations

Branches:
Dungeon (5/15)              Sewer (visited)         Ossuary (1/1)
 Temple: D:4-7

Altars:

Shops:
D:1 (   D:2 *

Annotations:
D:4 1 runed translucent door, Crazy Yiuf


Innate Abilities, Weirdness & Mutations

You are a tree.
Your roots penetrate the ground, keeping you stationary.
You cannot be teleported.
You are immune to unholy pain and torment.
Your maximum health is greatly increased.
Your equipment is partially melded.
((You can breathe wild blasts of lightning.))
((Your glossy black scales are hard. (AC +6)))
You cannot fit into any form of body armour.
((You are resistant to electric shocks. (rElec)))
((You are cold-blooded and may be slowed by cold attacks.))


Message History

The jackal zombie bites you but does no damage.
The human zombie hits you but does no damage.
Unknown command.
You completely miss the elf zombie.
The elf zombie is severely damaged.
The adder zombie bites you but does no damage.
The human zombie hits you.
* * * LOW HITPOINT WARNING * * *
The elf zombie hits you.
* * * LOW HITPOINT WARNING * * *
The mummy hits you.
* * * LOW HITPOINT WARNING * * *
The elf zombie hits you but does no damage.
The jackal zombie bites you but does no damage.
You smack the elf zombie!
You punch the elf zombie.
The elf zombie is almost destroyed.
The adder zombie bites you but does no damage.
The human zombie hits you but does no damage.
The elf zombie hits you but does no damage.
The jackal zombie bites you but does no damage.
The human zombie hits you.
* * * LOW HITPOINT WARNING * * *
The elf zombie hits you but does no damage.
As you read the scroll labelled SISU SEQOONEFO, it crumbles to dust.
You feel aware of your surroundings.
You sensed 4 shops/portals.
It was a scroll of revelation.
The adder zombie bites you but does no damage.
The mummy hits you but does no damage.
The jackal zombie bites you but does no damage.
The elf zombie hits you but does no damage.
The air fills with toxic fumes!
As you read the scroll labelled AHYNYU LEYXO, it crumbles to dust.
It was a scroll of poison.
The adder zombie bites you but does no damage.
The human zombie hits you.
* * * LOW HITPOINT WARNING * * *
The elf zombie barely misses you. The jackal zombie bites you.
* * * LOW HITPOINT WARNING * * *
The mummy hits you!
You die...

*,,+,,,,,,,,,,,,,,,,,,,,,,,*,,*
****,,,,,§§§§#####§§§§§§,,,****
*,,,,,,,,§§§§§§§§§§§§§§§.,,,,,*
*,,,,,,,.§§§§§§§§§§§§§§§.,,,,,*
*,,,,,**.§§§§§§§§§§§§§§#*,,,,,*
*,,,,,**.§§§§§§§§§§§§§§##.,,,,*
*,,,,,,,.§§§.M§§§§§§§§§§..,,,,*
*,,,,,,,.§§§§§§§MZ§§§§§§..,,,,*
*,,*,,,,.§§§§§§Z♣ZZ§§§§§..,*,,*
*,,**,,,.§§§§§§ZMZZ§§§§§..**,,*
*∩,**,,,.§§§§§§§Z.§§§§§§..**,∩*
*,,**,,,.§§§§§§§§§§§§§§§..**,,*
*,,*,,,,.§§§§§§§§§§§§§§§..,*,,*
*,,,,,,,.§§§§§§§§§§§§§§§..,,,,*
*,,,,,**.§§§§§§§§§§§§§§##.,,,,*
*,,,,,**.§§§§§§§§§§§§§§#*,,,,,*
*,,,,,,,.................,,,,,*


You could see 3 mummies, an adder zombie, 2 jackal zombies, a kobold zombie, 2
elf zombies and 2 human zombies.

Vanquished Creatures
  A black bear (D:4)
  A phantom (D:4)
  A kobold brigand (Sewer)
  2 scorpions
  3 hounds (D:4)
  A jelly (D:3)
  Ijyb (D:4)
  2 iguanas (D:4)
  14 adders
  2 river rats (Sewer)
  2 worms
  2 dart slugs
  7 orcs (D:2)
  8 endoplasms
  9 giant cockroaches
  4 hobgoblins
  7 jackals
  3 quokkas
  8 ball pythons
  8 bats
  3 frilled lizards
  6 goblins
  A goblin zombie (Ossuary)
  A hobgoblin zombie (Ossuary)
  A jackal zombie (Ossuary)
  18 kobolds
  A kobold zombie (Ossuary)
  4 rats
121 creatures vanquished.

Notes
Turn   | Place    | Note
-------+----------+-------------------------------------------
     0 | D:1      | bmb222 the Draconian Shapeshifter began the quest for the
                  | Orb.
     0 | D:1      | Reached XP level 1. HP: 16/16 MP: 1/1
   153 | D:1      | Reached XP level 2. HP: 23/23 MP: 2/2
   156 | D:1      | Found Kuec's Weapon Shoppe.
   728 | D:2      | Found Koph's Assorted Antiques.
   798 | D:2      | Reached XP level 3. HP: 12/28 MP: 3/3
  1516 | D:2      | Reached skill level 4 in Unarmed Combat
  1516 | D:2      | Reached XP level 4. HP: 35/35 MP: 4/4
  2175 | D:3      | Reached XP level 5. HP: 31/40 MP: 5/5
  2519 | D:4      | Found a glowing drain.
  2521 | D:4      | Noticed Ijyb
  2531 | D:4      | Killed Ijyb
  2579 | Sewer    | Entered a sewer
  2686 | Sewer    | Reached skill level 5 in Unarmed Combat
  2780 | Sewer    | Reached skill level 1 in Stealth
  2968 | Sewer    | Reached XP level 6. HP: 34/48 MP: 6/6
  3345 | D:4      | Reached skill level 6 in Unarmed Combat
  3584 | D:4      | Your scales start taking on a glossy black colour.
  3584 | D:4      | Reached XP level 7. HP: 53/53 MP: 7/7
  3584 | D:4      | Gained mutation: You are resistant to electric shocks.
                  | (rElec) [Black Draconian growth]
  3833 | D:4      | Found a runed translucent door.
  3834 | D:4      | Noticed Crazy Yiuf
  4031 | D:5      | Entered Level 5 of the Dungeon
  4031 | D:5      | Found a sand-covered staircase.
  4055 | Ossuary  | Entered an ossuary
  4080 | Ossuary  | Slain by a mummy

Illustrated notes

Levels and vault maps discovered:
D:1:      zaba_arrival_water, layout_rooms, serial_shops, shop_fountains,
          minmay_misc_feat_iff
D:2:      layout_basic, serial_shops, shop
D:3:      layout_loops_ring, minmay_hedge_maze, grunt_decor_one_mirror,
          minmay_goblin_kobold_house
D:4:      minmay_bubble_buster, layout_cave_pools, gup_sewer_entry_glass,
          uniq_crazy_yiuf_cottage, uniq_ijyb
D:5:      layout_basic, serial_aquarium, aquarium_bridge_square
          [aquarium_subvault_wall, aquarium_subvault_window,
          aquarium_subvault_wall, aquarium_subvault_bridge],
          aquarium_bridge_straight [aquarium_subvault_bridge,
          aquarium_subvault_balcony, aquarium_subvault_bridge,
          aquarium_subvault_wall], aquarium_window_1,
          aquarium_window_corridor_2, aquarium_view_2d, aquarium_view_2e,
          aquarium_pool_2, nicolae_ossuary_entry_ruins,
          ebering_ghost_reflecting_pool, uniq_edmund
Ossuary:  ossuary_minmay_tomb_2a

Skill      XL: |  1  2  3  4  5  6  7 |
---------------+----------------------+-----
Dodging        | 2 3 |  3.8
Unarmed Combat | 4 5 6 |  6.9
Stealth        | 1 |  1.5
Shapeshifting  | 4 |  4.4
Fighting       | 2 |  2.1

Action                     |  1- 3 |  4- 6 |  7- 9 || total
---------------------------+-------+-------+-------++-------
  Melee: Unarmed           |   116 |   223 |    58 ||   397
         Tailslap          |     8 |    26 |     6 ||    40
         Punch             |     2 |     5 |     1 ||     8
Ability: Breathe Lightning |       |       |     2 ||     2
    Use: Scroll            |       |       |     2 ||     2
         Potion            |       |       |     1 ||     1
   Stab: Sleeping          |     1 |     2 |       ||     3
 Armour: Skin              |    73 |   112 |    79 ||   264
  Dodge: Dodged            |    92 |   134 |    47 ||   273

Table legend: (Time is in decaauts)
 A = Elapsed time spent in this place.
 B = Non-inter-level travel time spent in this place.
 C = Inter-level travel time spent in this place.
 D = Time resting spent in this place.
 E = Time spent auto-exploring this place.
 F = Levels seen in this place.
 G = Mean time per level.
                   A        B        C        D        E       F      G
               +--------+--------+--------+--------+--------+-----+--------+
         Total |   4119 |   4022 |     97 |    484 |   2696 |   7 |  588.4 |
       Dungeon |   3468 |   3371 |     97 |    375 |   2345 |   5 |  693.6 |
         Sewer |    627 |    627 |      0 |    109 |    351 |   1 |  627.0 |
       Ossuary |     23 |     23 |      0 |      0 |      0 |   1 |   23.0 |
               +--------+--------+--------+--------+--------+-----+--------+

Top non-repeatable levels by time:
     D:4: 973 daAuts
     D:3: 911 daAuts
     D:2: 854 daAuts
     D:1: 705 daAuts
   Sewer: 627 daAuts
 Ossuary: 23 daAuts
     D:5: 23 daAuts
